AoeStats
← TPE-床上小旋風

Socotra

505681943Analyzed
4v4 RM · 21d ago on Sep 10, 2026· 36m 13s· 8 players
Game mode
Random Map
Map size
148×148
Population
200
Speed
Normal
Resources
Standard
Victory
Conquest
Starting age
Dark Age
Ending age
Imperial Age
RankedLock teamsTeams togetherTeam positionsShared explorationLock speedFull tech treeHidden civsTurbo modeCheats
Victory
Defeat
🇭🇰 Mapuche · Hong Kong SAR China
1437
+14
🇷🇺 Magyars · Russia
1317
+19
🇨🇳 Mongols · China
1269
+21
🇭🇰 Poles · Hong Kong SAR China
1241
+22
🇹🇼 Magyars · Taiwan
1451
-21
🇹🇼 Vikings · Taiwan
1450
-21
🇹🇼 Vietnamese · Taiwan
1334
-17
🇬🇧 Italians · United Kingdom
1328
-17
進清十郎
6:29 Loom
9:18 Feudal Age
12:38 Fletching
16:28 Double-Bit Axe
25:31 Castle Age
24:04 Gold Mining
23:56 Horse Collar
25:38 Padded Archer Armor
26:23 Bodkin Arrow
28:16 Bow Saw
29:41 Ballistics
31:37 Wheelbarrow
31:28 Leather Archer Armor
33:54 Heavy Plow
36:39 Forging
39:20 Imperial Age
sam0706
9:08 Feudal Age
7:49 Loom
10:00 Double-Bit Axe
14:43 Horse Collar
28:55 Stone Mining
30:31 Fletching
33:39 Scale Barding Armor
33:48 Bloodlines
TPE-床上小旋風
6:11 Loom
8:55 Feudal Age
15:50 Double-Bit Axe
15:46 Horse Collar
18:59 Wheelbarrow
18:42 Gold Mining
22:46 Castle Age
23:00 Bloodlines
22:58 Scale Barding Armor
23:57 Bow Saw
27:19 Chain Barding Armor
29:53 Husbandry
ROCK
8:55 Feudal Age
9:03 Loom
9:27 Double-Bit Axe
13:05 Fletching
20:09 Padded Archer Armor
23:47 Castle Age
23:52 Crossbowman
24:33 Bodkin Arrow
25:00 Horse Collar
25:30 Bow Saw
25:18 Gold Mining
28:46 Wheelbarrow
31:18 Hand Cart
32:21 Stone Mining
33:08 Gold Shaft Mining
33:30 Ballistics
34:05 Leather Archer Armor
Benjamin
6:09 Loom
8:54 Feudal Age
14:55 Double-Bit Axe
16:53 Scale Barding Armor
16:41 Horse Collar
20:00 Wheelbarrow
19:38 Bloodlines
20:42 Town Watch
26:15 Castle Age
27:01 Husbandry
26:38 Light Cavalry
28:10 Chain Barding Armor
28:38 Bow Saw
35:02 Heavy Plow
1★跳高獵人
0:32 Loom
10:34 Feudal Age
11:40 Double-Bit Axe
16:48 Horse Collar
18:32 Scale Barding Armor
20:23 Bloodlines
28:28 Castle Age
26:39 Gold Mining
28:47 Forging
28:41 Stone Mining
29:54 Heavy Plow
30:06 Bow Saw
Captain Jack Sparrow
8:39 Feudal Age
7:54 Loom
15:51 Town Watch
18:40 Gold Mining
18:47 Fletching
28:32 Castle Age
27:00 Horse Collar
28:33 Crossbowman
29:09 Bodkin Arrow
29:21 Padded Archer Armor
30:24 Double-Bit Axe
31:24 Elite Skirmisher
34:53 Bow Saw
34:57 Stone Mining
36:32 Ballistics
Billeybowb
2:14 Loom
11:01 Feudal Age
24:14 Castle Age
22:45 Double-Bit Axe
22:42 Horse Collar
24:12 Stone Mining
Connection lost

Rejoining the realm…

Still unreachable

The connection could not be restored.

Session expired

The server has moved on; the page needs a fresh start.